 Dungeon Crawl Stone Soup version 0.30.1-11-g7821555f0a (webtiles) character file.

Game seed: 12590225246246172237

60 Kallu the Digger (level 3, -1/23 HPs)
             Began as a Draconian Earth Elementalist on Jan 3, 2024.
             Was a Priest of Hepliaklqana.
             Succumbed to a scorpion's poison
             ... on level 4 of the Dungeon.
             The game lasted 00:04:27 (2458 turns).

Kallu the Digger (Draconian Earth Elementalist)     Turns: 2458, Time: 00:04:28

Health: -1/23      AC:  5    Str:  7 (10) XL:     3   Next: 82%
Magic:  0/7        EV: 12    Int: 16 (17) God:    Hepliaklqana [***...]
Gold:   140        SH:  0    Dex:  9 (11) Spells: 4/8 levels left

rFire   . . .        a - +0 rapier
rCold   . . .        (no shield)
rNeg    . . .        (body armour unavailable)
rPois   .            (helmet restricted)
rElec   .            (no cloak)
rCorr   .            (no gloves)
SInv    .            (no boots)
Will    .....        (no amulet)
Stlth   ++           (no ring)
HPRegen 0.23/turn    (no ring)
MPRegen 0.10/turn

%: no passive effects
@: lethally poisoned (-1 -> -5)
A: reduced essence, AC +5, unfitting armour, cold-blooded
a: Renounce Religion, Ancestor Life: Knight, Ancestor Life: Battlemage, Ancestor
Life: Hexer, Recall Ancestor, Ancestor Identity, Transference


You were on level 4 of the Dungeon.
You worshipped Hepliaklqana.
Hepliaklqana was most pleased with you.
You visited 1 branch of the dungeon, and saw 4 of its levels.

You collected 140 gold pieces.

Inventory:

Hand Weapons
 a - a +0 rapier (weapon)
Missiles
 p - 2 poisoned darts
Jewellery
 b - an amulet of magic regeneration
 r - an amulet of guardian spirit
Scrolls
 c - a scroll of magic mapping {unknown}
 d - 3 scrolls of identify {unknown}
 f - 2 scrolls of teleportation {unknown}
 g - a scroll of brand weapon {unknown}
 i - a scroll of poison {unknown}
 j - 3 scrolls of enchant armour {unknown}
 l - a scroll of silence {unknown}
 n - a scroll of amnesia {unknown}
 s - a scroll of blinking {unknown}
 t - a scroll of immolation {unknown}
 u - 2 scrolls of torment {unknown}
Potions
 e - a potion of brilliance {unknown}
 h - a potion of haste {unknown}
 m - a potion of lignification {unknown}
 o - a potion of heal wounds {unknown}
 q - a potion of magic
 v - a potion of curing {unknown}


   Skills:
 - Level 1.7 Dodging
 - Level 1.7 Stealth
 * Level 3.4 Spellcasting
 + Level 0.8 Conjurations
 - Level 1.0 Transmutations
 - Level 3.4 Earth Magic


You had 4 spell levels left.
You knew the following spells:

 Your Spells              Type           Power      Damage    Failure   Level
a - Sandblast             Erth           26%        2d8       4%          1
b - Stone Arrow           Conj/Erth      18%        3d8       22%         3

Your spell library contained the following spells:

 Spells                   Type           Power      Damage    Failure   Level
 Passwall                 Tmut/Erth      7%         N/A       11%         2
 Sublimation of Blood     Necr           2%         N/A       26%         2
 Petrify                  Tmut/Erth      9%         N/A       56%         4
 Irradiate                Conj/Tmut      2%         3d12      98%         5


Dungeon Overview and Level Annotations

Branches:
Dungeon (4/15)
 Temple: D:4-7

Altars:
Hepliaklqana


Innate Abilities, Weirdness & Mutations

Your life essence is reduced to manifest your ancestor. (-10% HP)
Your plain brown scales are hard. (AC +5)
You cannot fit into any form of body armour.
You are cold-blooded and may be slowed by cold attacks.


Message History

Almond Manteli closely misses the scorpion.
The scorpion stings you.
Unknown command.
The blast of sand hits the scorpion.
The scorpion is moderately wounded.
Almond Manteli closely misses the scorpion.
The scorpion stings you.
Almond Manteli hits the scorpion but does no damage.
Unknown command.
The blast of sand hits the scorpion.
The scorpion is heavily wounded.
The scorpion closely misses you. The scorpion stings you.
You are poisoned.
The scorpion poisons you!
Almond Manteli barely misses the scorpion.
Unknown command.
You barely miss the scorpion.
The scorpion is heavily wounded.
You feel very sick. The scorpion misses you.
Almond Manteli completely misses the scorpion.
The scorpion stings you.
* * * LOW HITPOINT WARNING * * *
You aren't carrying any items that you can evoke.
Unknown command.
It was a potion of degeneration.
There was something very wrong with that liquid.
You feel weakened.
You feel dopey.
You feel clumsy.
* * * LOW HITPOINT WARNING * * *
You feel sick.
Almond Manteli misses the scorpion.
The scorpion stings you.
* * * LOW HITPOINT WARNING * * *
You closely miss the scorpion.
The scorpion is heavily wounded.
* * * LOW HITPOINT WARNING * * *
You feel sick.
Almond Manteli hits the scorpion.
The scorpion stings Almond Manteli.
Almond Manteli closely misses the scorpion.
You closely miss the scorpion.
The scorpion is severely wounded.
You die...

#.......#.#
#. .........
##..#.......#
....#.......
.....#.....##
............#
............#
.....R..<...#
.....†s@.$.##
....).#...##
..... #####
.... ###


You could see the friendly Almond Manteli the ancestor and a scorpion (ally
target).

Vanquished Creatures
  A worm (D:2)
  2 dart slugs
  3 ball pythons
  An endoplasm (D:1)
  A giant cockroach (D:3)
  6 goblins
  6 hobgoblins
  5 kobolds
  3 quokkas
  6 bats
  7 frilled lizards
  A rat (D:1)
42 creatures vanquished.

Vanquished Creatures (collateral kills)
  2 endoplasms
  A giant cockroach (D:1)
  A goblin (D:3)
  A hobgoblin (D:3)
5 creatures vanquished.

Grand Total: 47 creatures vanquished

Notes
Turn   | Place    | Note
-------+----------+-------------------------------------------
     0 | D:1      | Kallu the Draconian Earth Elementalist began the quest for
                  | the Orb.
     0 | D:1      | Reached XP level 1. HP: 14/14 MP: 3/3
    41 | D:1      | Found a faded altar of an unknown god.
   152 | D:1      | Reached XP level 2. HP: 20/20 MP: 3/5
   186 | D:1      | Prayed at the altar of an unknown god.
   186 | D:1      | Became a worshipper of Hepliaklqana the Forgotten
   186 | D:1      | Reached * piety under Hepliaklqana
   904 | D:2      | Reached ** piety under Hepliaklqana
  1105 | D:2      | Reached XP level 3. HP: 23/23 MP: 4/7
  1288 | D:2      | Learned a level 3 spell: Stone Arrow
  2213 | D:3      | Reached *** piety under Hepliaklqana
  2447 | D:4      | Noticed a scorpion
  2457 | D:4      | HP: 1/23 [poisoned by a scorpion]
  2458 | D:4      | Succumbed to a scorpion's poison

Illustrated notes

Levels and vault maps discovered:
D:1:      enne_arrival_octagon_isle, layout_basic,
          shapermc_ecumenical_altar_starsandcircs, roderic_roman_lattice
D:2:      layout_loops_ring, chequers_serial_rivers_small_b,
          hangedman_glass_teeth
D:3:      layout_basic
D:4:      layout_rooms, mainiacjoe_overflow_six_doors_small, minitemple,
          uniq_duvessa

Skill      XL: |  1  2  3 |
---------------+----------+-----
Spellcasting   | 3 |  3.4
Dodging        | |  1.7
Stealth        | |  1.7
Conjurations   | |  0.8
Transmutations | |  1.0
Earth Magic    | |  3.4

Action                     || total
---------------------------++-------
  Melee: Unarmed           ||    27
         Tailslap          ||     2
         Rapier            ||    11
   Cast: Sandblast         ||    60
 Invoke: Ancestor Identity ||     1
    Use: Potion            ||     1
   Stab: Sleeping          ||     2
 Armour: Skin              ||    10
  Dodge: Dodged            ||    43
